 Dungeon Crawl Stone Soup version 0.20.1-1-g8b1a95d (webtiles) character file.

376 equalderp2856 the Chopper (level 6, -4/55 HPs)
             Began as a Minotaur Fighter on Aug 4, 2017.
             Slain by a scorpion (6 damage)
             ... while paralysed
             ... on level 4 of the Dungeon.
             The game lasted 00:06:41 (3263 turns).

equalderp2856 the Chopper (Minotaur Fighter)        Turns: 3263, Time: 00:06:42

Health: -4/55      AC:  7    Str: 21    XL:     6   Next: 44%
Magic:  5/5        EV:  2    Int:  5    God:
Gold:   149        SH:  0    Dex: 11    Spells: 3/5 levels left

rFire    . . .     SeeInvis .   a - +0 war axe
rCold    . . .     Gourm    .   u - +2 large shield
rNeg     . . .     Faith    .   b - +0 scale mail
rPois    .         Spirit   .   (helmet restricted)
rElec    .         Reflect  .   (no cloak)
rCorr    .         Harm     .   (no gloves)
MR       .....                  (no boots)
Stlth    ..........             (no amulet)
Regen    0.2/turn               (no ring)
MPRegen  0.1/turn               (no ring)

@: paralysed, lethally poisoned (-4 -> -14), fainting
A: retaliatory headbutt, horns 2
a: no special abilities


You were on level 4 of the Dungeon.
You were fainting.

You visited 1 branch of the dungeon, and saw 4 of its levels.

You collected 149 gold pieces.

Inventory:

Hand Weapons
 a - a +0 war axe (weapon)
 e - a cursed -2 dagger
 k - a +2 hand axe of chopping
 o - a +0 hunting sling
Missiles
 g - 47 sling bullets
 t - 4 javelins (quivered)
 y - 42 stones
Armour
 b - a +0 scale mail (worn)
 c - a +0 shield
 u - a +2 large shield (worn)
 z - a cursed +0 leather armour
Scrolls
 h - 3 scrolls of amnesia {unknown}
 i - a scroll of enchant armour {unknown}
 m - 4 scrolls of remove curse {unknown}
 n - 2 scrolls of recharging {unknown}
 r - a scroll of teleportation {unknown}
 s - a scroll of blinking {unknown}
 v - a scroll of random uselessness {unknown}
 w - a scroll of enchant weapon {unknown}
Potions
 d - a potion of might
 p - a potion of flight {unknown}
 q - a potion of haste {unknown}
 B - a potion of brilliance {unknown}
Books
 j - a book of Minor Magic

   Spells                             Type                      Level
   a - Magic Dart                     Conjuration                  1
   b - Blink                          Translocation                2
   c - Call Imp                       Summoning                    2
   d - Slow                           Hexes                        2
   e - Conjure Flame                  Conjuration/Fire             3
   f - Mephitic Cloud                 Conjuration/Poison/Air       3
Comestibles
 f - 2 bread rations
 l - 2 royal jellies
 x - a meat ration
 A - a fruit


   Skills:
 + Level 4.8 Fighting
 + Level 5.2 Axes
 + Level 5.0 Armour
 + Level 1.4 Dodging
 + Level 5.2 Shields


You had 3 spell levels left.
You knew the following spells:

 Your Spells              Type           Power        Failure   Level  Hunger
a - Blink                 Tloc           N/A          100%        2    ###....


Dungeon Overview and Level Annotations

Branches:
Dungeon (4/15)
 Temple: D:4-7

Altars:
Dithmenos
Qazlal
Ru

Annotations:
D:2 Sigmund
D:4 1 runed door, polve's ghost, amateur DsBe


Innate Abilities, Weirdness & Mutations

You reflexively headbutt those who attack you in melee.
You have a pair of horns on your head.


Message History

You hit the worker ant.
The worker ant is moderately wounded.
You closely miss the scorpion. You block the worker ant's attack.
The scorpion barely misses you. You block the worker ant's attack.
The scorpion stings you!
* * * LOW HITPOINT WARNING * * *
You are more poisoned.
The scorpion poisons you!
* * * LOW HITPOINT WARNING * * *
You feel sick. The worker ant closely misses you. You furiously retaliate!
You headbutt the worker ant.
You lose consciousness!
* * * LOW HITPOINT WARNING * * *
You feel sick. The worker ant bites you.
* * * LOW HITPOINT WARNING * * *
* * * LOW HITPOINT WARNING * * *
You feel sick. The worker ant bites you.
* * * LOW HITPOINT WARNING * * *
The scorpion stings you.
You die...

#.. ##. #..# ##..
#..## ###.##
#..###....#
##..#..##.#
####.....## .#
####....#.......#
#####aW.#####.......#
#...@s..# ##[.....#
........#### #.###..#
....##### .#.+p#..#
.## .#.###..#
##......# #... #..#
.....# #..#


You could see a scorpion, a worker ant and polve's ghost.

Vanquished Creatures
  A phantom (D:4)
  2 big kobolds (D:3)
  A centaur zombie (D:3)
  An iguana (D:3)
  Natasha (D:2)
  4 adders
  An adder skeleton (D:3)
  A worm (D:2)
  A dart slug (D:1)
  2 leopard geckos (D:2)
  4 orcs (D:3)
  6 bats
  3 giant cockroaches
  8 goblins
  5 hobgoblins
  6 jackals
  A ball python (D:4)
  6 frilled lizards
  10 kobolds
  A kobold skeleton (D:4)
  2 leopard gecko skeletons (D:4)
  3 rats
70 creatures vanquished.

Vanquished Creatures (others)
  2 kobolds (D:3)
2 creatures vanquished.

Grand Total: 72 creatures vanquished

Notes
Turn   | Place    | Note
-------+----------+-------------------------------------------
     0 | D:1      | equalderp2856 the Minotaur Fighter began the quest for the Orb.
     0 | D:1      | Reached XP level 1. HP: 19/19 MP: 0/0
   217 | D:1      | Reached XP level 2. HP: 19/27 MP: 1/1
   561 | D:2      | Noticed Natasha
   563 | D:2      | Noticed a crimson imp
   568 | D:2      | Killed Natasha
   568 | D:2      | Reached XP level 3. HP: 18/33 MP: 2/2
   866 | D:2      | Found a sacrificial altar of Ru.
   892 | D:2      | Noticed Sigmund
   983 | D:3      | Reached XP level 4. HP: 26/40 MP: 3/3
  1169 | D:3      | Noticed a big kobold
  1170 | D:3      | Noticed a big kobold
  1256 | D:3      | Learned a level 2 spell: Blink
  1577 | D:3      | Found a shadowy altar of Dithmenos.
  1628 | D:3      | Killed a big kobold
  1628 | D:3      | Reached XP level 5. HP: 35/46 MP: 4/4
  1821 | D:3      | Found a stormy altar of Qazlal.
  1902 | D:3      | Reached skill level 5 in Shields
  2700 | D:4      | Noticed a phantom
  2752 | D:4      | Killed a phantom
  2752 | D:4      | Reached skill level 5 in Axes
  2752 | D:4      | Reached skill level 5 in Armour
  2752 | D:4      | Reached skill level 1 in Dodging
  2752 | D:4      | Reached XP level 6. HP: 37/53 MP: 5/5
  2802 | D:4      | Noticed polve's ghost (amateur DsBe)
  3240 | D:4      | Found a runed door.
  3244 | D:4      | Noticed a human
  3262 | D:4      | Paralysed by fainting for 5 turns
  3263 | D:4      | HP: 2/55 [worker ant (5)]
  3263 | D:4      | Slain by a scorpion

Skill      XL: |  1  2  3  4  5 |
---------------+----------------+-----
Armour         | 4 5 |  5.0
Shields        | 4 5 |  5.2
Axes           | 3 4 5 |  5.2
Fighting       | 4 |  4.8
Dodging        | 1 |  1.4

Action                   |  1- 3 |  4- 6 || total
-------------------------+-------+-------++-------
Melee: War axe           |    71 |   146 ||   217
       Headbutt          |    10 |    27 ||    37
  Use: Potion            |     2 |       ||     2
  Eat: Chunk             |       |     5 ||     5
Armor: Scale mail        |    36 |    55 ||    91
Dodge: Dodged            |    31 |    41 ||    72
Block: Shield            |    49 |    26 ||    75
       Large shield      |       |   102 ||   102
